Cogmind - Beta 13 *** ADVENTURER MODE // 2024.02.27 @ 23:59:30 Player: CogMan Result: Self-destructed Performance ------------- Evolutions (1) 500 Regions Visited (2) 400 Robots Destroyed (22) 110 Value Destroyed (291) 291 Prototype IDs (0) 0 Alien Tech Used (0) 0 Bonus (0) 0 TOTAL SCORE: 1301 Bonus ------- None Cogmind --------- Core Integrity 290/400 Matter 288/300 Energy 100/100 System Corruption 0% Temperature Cool (10) Movement Core (400) Ox7 Location -9/Materials Parts ------- > --- POWER (1) -------- (None) > --- PROPULSION (2) --- (None) > --- UTILITY (4) ------ Large Storage Unit Visual Processing Unit Targeting Computer > --- WEAPON (2) ------- Light Assault Rifle Light Assault Rifle > --- INVENTORY (15) --- Light Ion Engine Light Deuterium Engine Light Deuterium Engine Wheel Wheel Flight Unit Flight Unit Flight Unit Heat Sink Large Storage Unit Signal Interpreter Improved Light Armor Plating Tractor Beam Light Assault Rifle Mining Laser Peak State ------------ > --- POWER ------------ Light Deuterium Engine > --- PROPULSION ------- Wheel Compact Wheel > --- UTILITY ---------- Large Storage Unit Visual Processing Unit Improved Terrain Scanner Targeting Computer > --- WEAPON ----------- Light Assault Rifle Light Assault Rifle > --- INVENTORY -------- Light Ion Engine Light Deuterium Engine Light Deuterium Engine Wheel Wheel Flight Unit Heat Sink Large Storage Unit Signal Interpreter Terrain Scanner Improved Light Armor Plating Tractor Beam Light Assault Rifle Mining Laser [Rating: 16] Favorites ----------- Power Light Deuterium Engine Engine Light Deuterium Engine Propulsion Wheel Wheel Wheel Utility Seismic Detector Device Seismic Detector Storage Large Storage Unit Processor Targeting Computer Weapon Light Assault Rifle Ballistic Gun Light Assault Rifle Build | -11 -10 -9 ------- Run | Yrd Mat Mat Slots Evolved 2 | . . 2 Power . | . . . Propulsion . | . . . Utility 2 | . . 2 Weapon . | . . . Parts Attached 13 | 7 1 5 Power 3 | 1 . 2 Engine 3 | 1 . 2 Core . | . . . Reactor . | . . . Propulsion 2 | 2 . . Treads . | . . . Leg . | . . . Wheel 2 | 2 . . Hover . | . . . Flight . | . . . Utility 6 | 2 1 3 Device 2 | 1 . 1 Storage 2 | 1 1 . Processor 2 | . . 2 Hackware . | . . . Protection . | . . . Artifact . | . . . Weapon 2 | 2 . . Energy Gun . | . . . Energy Cannon . | . . . Ballistic Gun 2 | 2 . . Ballistic Cannon . | . . . Launcher . | . . . Special Weapon . | . . . Impact Weapon . | . . . Slashing Weapon . | . . . Piercing Weapon . | . . . Special Melee Weapon . | . . . Unidentified Prototypes . | . . . Parts Lost 4 | . . 4 Power 1 | . . 1 Propulsion 2 | . . 2 Utility 1 | . . 1 Weapon . | . . . Highest Loss Streak 4 | . . 4 To Critical Strikes . | . . . Average Slot Usage (%) 98 | . 100 98 Engine 11 | . 14 10 Wheel 23 | . 28 21 Device 18 | . 14 20 Storage 11 | . 14 11 Processor 8 | . . 11 Ballistic Gun 23 | . 28 22 Naked Turns . | . . . Heaviest Build 29 | 11 26 29 Greatest Support 26 | 26 26 26 Greatest Overweight (x) 2 | 2 . 1 Average Overweight (x) . | . . . Largest Inventory Capacity 15 | 8 15 15 Average Capacity 12 | 7 11 15 Most Carried 15 | 4 10 15 Average Carried 10 | 1 6 14 Final Capacity 15 | 8 15 15 Final Carried 15 | 4 10 15 Class Distribution -------------------- 100% | Mutant Dominant Class ---------------- Mutant | -10/Materials Mutant | -9/Materials Resources | -11 -10 -9 ----------- Run | Yrd Mat Mat Matter Collected 406 | 259 . 147 Remotely . | . . . Salvage Created 521 | 136 . 385 Parts 45 | 14 . 31 Haulers Intercepted . | . . . Recyclers Shooed 1 | . . 1 Parts Field Recycled . | . . . Retrieved Matter . | . . . Parts Self-Destructed . | . . . Prevented . | . . . Kills | -11 -10 -9 ------- Run | Yrd Mat Mat Combat Hostiles Destroyed 15 | . . 15 Guns 15 | . . 15 Classes Destroyed 6 | 2 . 4 Tunneler 4 | 4 . . Recycler 2 | 1 . 1 Watcher 1 | . . 1 Swarmer 12 | . . 12 Grunt 2 | . . 2 Duelist 1 | . . 1 Best Kill Streak 5 | 5 . 5 Combat Bots Only 5 | . . 5 Max Kills in Single Turn 1 | 1 . 1 Gunslinging . | . . . Exploded . | . . . Melee . | . . . Uniques/NPCs Destroyed . | . . . Combat | -11 -10 -9 -------- Run | Yrd Mat Mat Hostile Shots Fired 79 | . . 79 Missed 22 | . . 22 Damage Taken 437 | . . 437 Core 110 | . . 110 Absorbed by Shields . | . . . Ignored by Resistances 135 | . . 135 Core Remaining (%) 100 | 100 100 . Volleys Fired 54 | 10 . 44 Largest 2 | 2 . 2 Hottest 40 | 40 . 40 Shots Fired 108 | 20 . 88 Gun 108 | 20 . 88 Cannon . | . . . Launcher . | . . . Special . | . . . Kinetic 108 | 20 . 88 Thermal . | . . . Explosive . | . . . Electromagnetic . | . . . Robot Hit Streak 30 | 18 . 30 Robot Miss Streak 2 | 1 . 2 Penetration Max . | . . . Secondary Targets 4 | . . 4 Max Gunslinging Chain 1 | . . 1 Shots Hit Robots 83 | 18 . 65 Core Hits 40 | 9 . 31 Critical Kills . | . . . Critical Parts Destroyed . | . . . Critical Strikes . | . . . Melee Attacks . | . . . Impact . | . . . Slashing . | . . . Piercing . | . . . Sneak Attacks . | . . . Combat Hostiles . | . . . Follow-up Attacks . | . . . Damage Inflicted 689 | 144 . 545 Guns 689 | 144 . 545 Cannons . | . . . Explosions . | . . . Melee . | . . . Ramming . | . . . Kinetic 689 | 144 . 545 Thermal . | . . . Explosive . | . . . Electromagnetic . | . . . Impact . | . . . Slashing . | . . . Piercing . | . . . Highest Corruption . | . . . Average Corruption . | . . . Corruption Purged . | . . . Corruption Blocked . | . . . Overload Shots . | . . . Overflow Damage . | . . . Projectiles . | . . . Explosions . | . . . Melee . | . . . Knockbacks . | . . . Impact . | . . . Kinetic . | . . . Secondary . | . . . Self-Inflicted Damage . | . . . Shots . | . . . Rammed . | . . . Targets Rammed . | . . . Kicked . | . . . Crushed . | . . . Highest Temperature 7 | . . 7 Average Temperature 3 | . . 3 Received Heat Transfer 78 | . . 78 Siege Activations . | . . . Robots Corrupted . | . . . Combat Hostiles . | . . . Parts Fried . | . . . Impact Corruptions . | . . . Robots Melted . | . . . Combat Hostiles . | . . . Parts Melted . | . . . Heat Transferred . | . . . Parts Sabotaged . | . . . Parts Stolen . | . . . Parts Stripped . | . . . Power Chain Reactions . | . . . Alert | -11 -10 -9 ------- Run | Yrd Mat Mat Peak Influence 389 | 25 21 389 Initial 13 | . 13 7 Average 122 | 8 19 194 Maximum Alert Level 1 | . . 1 Low Security (%) 64 | 100 100 41 Level 1 35 | . . 58 Level 2 . | . . . Level 3 . | . . . Level 4 . | . . . Level 5 . | . . . High Security . | . . . Max Security . | . . . Squads Dispatched 2 | . . 2 Investigation . | . . . Extermination . | . . . Reinforcement 2 | . . 2 Assault . | . . . Garrison . | . . . Intercept . | . . . Searches Triggered . | . . . Construction Impeded . | . . . Haulers Reinforced . | . . . Active Scanning Responses . | . . . Cargo Convoy Interrupts . | . . . Stealth | -11 -10 -9 --------- Run | Yrd Mat Mat Distress Signals 2 | . . 2 Communications Jammed . | . . . Distress Signals . | . . . Times Spotted 26 | . . 26 Peak Tracking Total 9 | . . 9 Tactical Retreats 1 | . . 1 Traps | -11 -10 -9 ------- Run | Yrd Mat Mat Traps Triggered . | . . . Indirectly . | . . . Trap Hack Attempts . | . . . Triggered . | . . . Disarmed . | . . . Reprogrammed . | . . . Reused . | . . . Traps Extracted . | . . . Installed . | . . . Triggered . | . . . Machines | -11 -10 -9 ---------- Run | Yrd Mat Mat Machines Disabled . | . . . Max in Single Turn . | . . . Machines Repaired . | . . . Machines Dismantled . | . . . Machines Sabotaged . | . . . Overloaded Fab Kills . | . . . Hacking | -11 -10 -9 --------- Run | Yrd Mat Mat Machines Accessed 4 | . 3 1 Terminals 4 | . 3 1 Fabricators . | . . . Repair Stations . | . . . Recycling Units . | . . . Scanalyzers . | . . . Garrison Access . | . . . Total Hacks 10 | . 7 3 Successful 6 | . 4 2 Failed 4 | . 3 1 Catastrophic . | . . . Database Lockouts . | . . . Manual 6 | . 3 3 Terminals 10 | . 7 3 Fabricators . | . . . Repair Stations . | . . . Recycling Units . | . . . Scanalyzers . | . . . Garrison Access . | . . . Terminal Hacks 4 | . 2 2 Level Access Points 1 | . . 1 Branch Access Points 1 | . . 1 Hauler Manifests 1 | . 1 . Zone Layout 1 | . 1 . Fabricator Hacks . | . . . Repair Station Hacks . | . . . Recycling Unit Hacks . | . . . Scanalyzer . | . . . Garrison Access Hacks . | . . . Unauthorized Hacks 2 | . 2 . Terminals 2 | . 2 . Botnet 2 | . 2 . Fabricators . | . . . Repair Stations . | . . . Recycling Units . | . . . Scanalyzers . | . . . Garrison Access . | . . . Data Cores Recovered . | . . . Used . | . . . Hacking Detections 1 | . 1 . Full Trace Events . | . . . Feedback Events . | . . . Feedback Blocked . | . . . Robot Schematics Acquired . | . . . Robots Built . | . . . Authchips . | . . . Time . | . . . Total Robot Build Rating . | . . . Part Schematics Acquired . | . . . Parts Built . | . . . Authchips . | . . . Time . | . . . Total Part Build Rating . | . . . Parts Repaired . | . . . Time . | . . . Parts Recycled . | . . . Recycled Matter . | . . . Retrieved Matter . | . . . Retrieved Components . | . . . Parts Scanalyzed . | . . . Part Schematics Acquired . | . . . Parts Damaged . | . . . Bothacking | -11 -10 -9 ------------ Run | Yrd Mat Mat Used RIF Installer . | . . . Robots Hacked . | . . . Non-combat . | . . . Combat . | . . . Robot Hacks Applied . | . . . Relay Couplers Released . | . . . Fabnet Peak Effective % . | . . . Robots Rewired . | . . . Allies Hacked . | . . . Hacks Repelled . | . . . Allies | -11 -10 -9 -------- Run | Yrd Mat Mat Total Allies . | . . . Largest Group . | . . . Highest-Rated Group . | . . . Highest-Rated Ally . | . . . Total Orders . | . . . Ally Attacks . | . . . Total Damage . | . . . Kills . | . . . Allies Corrupted . | . . . Allies Melted . | . . . Intel | -11 -10 -9 ------- Run | Yrd Mat Mat Robot Analysis Total . | . . . Derelict Logs Recovered . | . . . Drone Launches . | . . . Drone Recoveries . | . . . Exploration | -11 -10 -9 ------------- Run | Yrd Mat Mat Turns Passed 592 | 98 140 354 Spaces Moved 392 | 63 145 184 Core 14 | 14 . . Treads . | . . . Legs . | . . . Wheels 378 | 49 145 184 Hover . | . . . Flight . | . . . Fastest Speed 50 | 50 90 90 Average Speed 97 | 92 90 104 Slowest Speed 150 | 150 90 105 Overloaded Moves . | . . . Propulsion Burnouts . | . . . Robots Hopped . | . . . Cave-ins Triggered . | . . . Exploration Rate (%) 17 | 5 23 25 Regions Visited 2 Branch Regions . Pre-discovered Areas . | . . . Known Exits Taken . | . . . Unknown Exits Taken 2 | 1 1 . Scrap Searched . | . . . Spaces Dug . | . . . Terrain Destroyed . | . . . Melee . | . . . Projectile . | . . . AOE . | . . . Terrain Rammed . | . . . Walls Destroyed . | . . . Machines Disabled . | . . . Actions | -11 -10 -9 --------- Run | Yrd Mat Mat Total 512 | 83 153 276 Wait 33 | . 3 30 Move 390 | 62 144 184 Hop . | . . . Pick Up 18 | 4 5 9 Fast Attach 8 | 7 . 1 Attach 3 | . . 3 Detach . | . . . Swap 2 | . 1 1 Drop 4 | . . 4 Fire 54 | 10 . 44 Melee . | . . . Ram . | . . . Kick . | . . . Crush . | . . . Escape Stasis . | . . . Rewire . | . . . Trap . | . . . Miscellaneous . | . . . Route ------- -11/Scrapyard -10/Materials -9/Materials (discovered 5 exits: Mat x3 / Min x2) History --------- Turn | Location | Event 2 | -11/Scrapyard | Discovered new exit (range 16) 99 | -11/Scrapyard | Entered Materials 183 | -10/Materials | Discovered new exit (range 16) 239 | -10/Materials | Entered another Materials area 239 | -9/Materials | Evolved 2 slots: Utility x2 305 | -9/Materials | Build established: Mutant 333 | -9/Materials | Identified exit to Mines 333 | -9/Materials | Identified exit to Materials 593 | -9/Materials | Self-destructed Last Messages --------------- 00561_ Dropped Sml. Storage Unit. 00562_ Dropped Seismic Detector. 00564_ Acquired Flight Unit. 00567_ ALERT: Hostiles spotted, dispatching reinforcements to Terminal M004. 00572_ Dropped Terrain Scanner. 00573_ Acquired Flight Unit. 00580_ Com. Wheel destroyed. 00585_ ALERT: Hostiles spotted, dispatching reinforcements to Terminal M003. 00585_ Wheel destroyed. 00586_ S-10 Pest destroyed. 00586_ Switching to secondary target: Y-45 Defender. 00586_ Imp. Terrain Scanner destroyed. 00587_ Acquired 13 matter. 00590_ Lgt. Deuterium Engine destroyed. 00591_ S-10 Pest destroyed. 00591_ Switching to secondary target: Y-45 Defender. Map ----- +----------------------------------------------------+ | ????????????????????## ???# #???#?? | | ????????????????????# ? ???# #?????? | | ????????????????????# ?# ####### | | ????????????????????+ # + | | ????????????????????# [ + ##### | | ????????? ??????????? #####+#######+####?#?# | | ?????????????????????# ## % #### #??????# | | ?????????????????? ??# ## + #??????# | | ??????????????? ????# ## ######?#????# | | ?????????????????????# ## #???????????# | | ???????????????????#?# ## #?#?????????### | | ?????????????????????# ## #?????????????? | | ?????????????#???#???# + #??#????#??#? | | ?????????????????#???# #### #?#???????? | | ?????????????????????# #??# #???#?????##!! | | ??????????????????####+#############????#?????#!! | | ??????????????#???# #?? ??????????????#!! | | ??????????????????# # ????????????????# | | ??????????????????# ! #?????????????????#### | | ????????????#?????# ! #????????????????????? | | ?????????????#???#########+##????????????????#???# | | ??????????????????????#?#[% #?#??????#??#????????? | | ?????????????????????#??# !#?????? ????????????#? | | ????????????#???????????# ##? ???????# ????#?#?? | | ????????????????????????#%r #????????????????????? | | ?????????????????? ????#@ a##??????#????????????? | | ????????????????? ?????#==Y #???????????????????? | | ???????????????????????# %* w ?????????????????? | | ???????????????????????+ Ts ?? ??????????? | | ??????????????? ???????# ????????????? | | ???????????????????????# ##+######???????????? | | ???????????????????????## ##???????????????????? | | ????????????????????????# #????????????????????? | | ?????????????????#??????# #????????????????????? | | ???????????????????#????# #????????????????????? | | ????????????????????????# #????????????????????? | | ???????????????????????? ????????????????????? | | ???????????????????????? Yg ????????????????????? | | ???????????????????????? gT ??? ????????????????? | | ???????????????????????? ????????????????????? | | ????????????????????????? ?????????????????????? | | ????????????????????????? ? ?????????????????????? | | ????????????????????????? ? ?????????????????????? | | ?????????????????????????????????????????????????? | | ??????????????????????????